 Dungeon Crawl Stone Soup version 0.27-a0-1083-gcf8293e1eb (webtiles) character file.

Game seed: 9264546851381466344

46 Gaff the Magician (level 3, 0/23 HPs)
             Began as a Djinni Venom Mage on Apr 26, 2021.
             Was a Follower of Hepliaklqana.
             Slain by a worm (12 damage)
             ... on level 2 of the Dungeon.
             The game lasted 00:04:06 (2196 turns).

Gaff the Magician (Djinni Venom Mage)               Turns: 2196, Time: 00:04:07

Health: 0/23       AC:  3    Str:  7    XL:     3   Next: 68%
Gold:   82         EV: 12    Int: 17    God:    Hepliaklqana [*.....] SH:  0 Dex: 13

rFire    + + +     SeeInvis .   g - +1 hand axe (venom)
rCold    x . .     Faith    .   (no shield)
rNeg     . . .     Spirit   .   l - +1 robe {Will+}
rPois    ∞         Reflect  .   (no helmet)
rElec    .         Harm     .   (no cloak)
rCorr    .         Rampage  .   (no gloves)
Will     +....                  (boots unavailable)
Stlth    ++........             (no amulet)
HPRegen  0.07/turn              i - ring of protection from fire
MPRegen  0.00/turn              (no ring)

@: flying, very slightly contaminated
A: reduced essence, fire resistance 2, cold vulnerability 1, float, innate
caster, hp casting, extra vitality 1
a: Renounce Religion, Recall Ancestor, Ancestor Identity


You were on level 2 of the Dungeon.
You worshipped Hepliaklqana.
Hepliaklqana was aware of your devotion.
You visited 1 branch of the dungeon, and saw 2 of its levels.

You collected 82 gold pieces.

Inventory:

Hand Weapons
 d - a +0 shortbow
 g - a +1 hand axe of venom (weapon)
 j - a +2 vampiric short sword
Missiles
 e - 26 arrows
Armour
 a - a +0 robe
 l - a +1 robe of willpower (worn)
Jewellery
 i - a ring of protection from fire (left hand)
Scrolls
 b - a scroll of brand weapon {unknown}
 c - 2 scrolls of fear {unknown}
 h - a scroll of identify {unknown}
 k - a scroll of noise {unknown}
Potions
 f - 3 potions of curing {unknown}


   Skills:
 + Level 0.7 Fighting
 + Level 0.8 Armour
 - Level 2.4 Dodging
 - Level 1.6 Stealth
 + Level 3.5 Spellcasting


You couldn't memorise any spells.
You knew the following spells:

 Your Spells              Type           Power      Damage    Failure   Level
a - Sting                 Tmut/Pois      60%        1d6       3%          1
b - Poisonous Vapours     Pois/Air       30%        N/A       6%          2
c - Mephitic Cloud        Conj/Pois/Air  15%        N/A       12%         3
d - Ignite Poison         Fire/Tmut/Pois 15%        N/A       12%         3
e - Olgreb's Toxic Radia  Pois           15%        N/A       36%         4
f - Pain                  Necr           60%        1d7       3%          1
Your spell library was empty.

Dungeon Overview and Level Annotations

Branches:
Dungeon (2/15)

Altars:
Hepliaklqana


Innate Abilities, Weirdness & Mutations

Your life essence is reduced to manifest your ancestor. (-10% HP)
You are immune to poison.
Your flesh is very heat resistant. (rF++)
You are vulnerable to cold. (rC-)
You float through the air rather than walking.
You learn spells naturally, not from books.
Your magical power is your life essence.
You have superior vitality. (+4 HP)


Message History

Aim: a worm (asleep) Poisonous vapours surround the worm!
The worm is engulfed in poison gas.
The worm is poisoned.
Aiming: Poisonous Vapours (safe; 6% risk of failure)
Press: ? - help, Q - select action, (/) - cycle Dir - move target, f/p - worm
Aim: a worm (severely wounded, poisoned) Poisonous vapours surround the worm!
Unknown command.
You swap places.
You swap places.
Aiming: Poisonous Vapours (safe; 6% risk of failure)
Press: ? - help, Q - select action, (/) - cycle Dir - move target, f/p - worm
Aim: a worm (severely wounded, poisoned) Poisonous vapours surround the worm!
The worm looks more healthy.
Unknown command.
Aiming: Poisonous Vapours (safe; 6% risk of failure)
Press: ? - help, Q - select action, (/) - cycle Dir - move target, f/p - worm
Aim: a worm (severely wounded) Poisonous vapours surround the worm!
The worm is poisoned.
Unknown command.
Aiming: Poisonous Vapours (safe; 6% risk of failure)
Press: ? - help, Q - select action, (/) - cycle Dir - move target, f/p - worm
Aim: a worm (severely wounded, poisoned) Poisonous vapours surround the worm!
Unknown command.
Aiming: Poisonous Vapours (safe; 6% risk of failure)
Press: ? - help, Q - select action, (/) - cycle Dir - move target, f/p - worm
Aim: a worm (severely wounded, poisoned)
You miscast Poisonous Vapours.
You are very lightly contaminated with residual magic.
Nothing appears to happen.
* * * LOW HITPOINT WARNING * * *
You swap places.
You hit the worm but do no damage.
The worm looks even sicker.
The worm is severely wounded.
The worm bites you!
Ouch! That really hurt!
You die...

#....# #.##.#
#.##.### ####
#.##...### ..<#
#.####...###
#..###.## ###...##
#.......#######..#
####...R......#
##.###
#......@w..##.#
#...##
#..............#
###..#
#.........###...#
##.. #.........#
..# ##.
#..........# ...
#. #........#.# .(
..... #........#.#
# #.#..
#........... #....
###..


You could see the friendly Akiya the ancestor and a worm (very poisoned, ally
target).

Vanquished Creatures
  A worm (D:2)
  2 dart slugs
  2 ball pythons
  An endoplasm (D:1)
  A giant cockroach (D:1)
  3 goblins (D:1)
  3 hobgoblins (D:1)
  3 jackals (D:1)
  3 kobolds (D:1)
  5 bats
  3 frilled lizards (D:1)
  4 rats
31 creatures vanquished.

Vanquished Creatures (collateral kills)
  An adder skeleton (D:2)
  3 endoplasms (D:1)
4 creatures vanquished.

Grand Total: 35 creatures vanquished

Notes
Turn   | Place    | Note
-------+----------+-------------------------------------------
     0 | D:1      | Gaff the Djinni Venom Mage began the quest for the Orb.
     0 | D:1      | Reached XP level 1. HP: 15/15 MP: 0/0
    71 | D:1      | Found a faded altar of an unknown god.
    79 | D:1      | Became a worshipper of Hepliaklqana the Forgotten
    79 | D:1      | Reached * piety under Hepliaklqana
   211 | D:1      | Reached skill level 3 in Spellcasting
   215 | D:1      | Reached XP level 2. HP: 13/18 MP: 0/0
   856 | D:1      | Reached XP level 3. HP: 20/22 MP: 0/0
   856 | D:1      | Learned a level 1 spell: Pain
  2196 | D:2      | Slain by a worm

Illustrated notes

Levels and vault maps discovered:
D:1:      amcnicky_arrival_gap_in_the_tavern_cellar, layout_basic,
          hellmonk_ecumenical_altar_lost_god
D:2:      layout_rooms, basic_altar, serial_shops, shop_fountains

Skill      XL: |  1 |
---------------+----+-----
Spellcasting   | 3 |  3.5
Fighting       | |  0.7
Armour         | |  0.8
Dodging        | |  2.4
Stealth        | |  1.6

Action                   || total
-------------------------++-------
Melee: Unarmed           ||     3
       Hand axe          ||    13
 Cast: Sting             ||    13
       Poisonous Vapours ||    31
Armor: Robe              ||     7
Dodge: Dodged            ||    14

Table legend: (Time is in decaauts)
 A = Elapsed time spent in this place.
 B = Non-inter-level travel time spent in this place.
 C = Inter-level travel time spent in this place.
 D = Time resting spent in this place.
 E = Time spent auto-exploring this place.
 F = Levels seen in this place.
 G = Mean time per level.
                   A        B        C        D        E       F      G
               +--------+--------+--------+--------+--------+-----+--------+
         Total |   2198 |   2180 |     18 |    777 |   1139 |   2 | 1099.0 |
       Dungeon |   2198 |   2180 |     18 |    777 |   1139 |   2 | 1099.0 |
               +--------+--------+--------+--------+--------+-----+--------+

Top non-repeatable levels by time:
     D:1: 1743 daAuts
     D:2: 455 daAuts
